 Dungeon Crawl Stone Soup version 0.29.1-14-g9c671dbff4 (webtiles) character file.

Game seed: 3529651312406934007

4095 Gabide the Thrower (level 10, 0/86 HPs)
             Began as a Ghoul Gladiator on Feb 17, 2023.
             Was a Believer of Okawaru.
             Shot with an arrow by a centaur warrior (8 damage)
             ... on level 7 of the Dungeon.
             The game lasted 00:14:54 (9080 turns).

Gabide the Thrower (Ghoul Gladiator)                Turns: 9080, Time: 00:14:55

Health: 0/86       AC:  7    Str: 23    XL:     10   Next: 26%
Magic:  7/9        EV: 14    Int:  3    God:    Okawaru [**....]
Gold:   284        SH:  5    Dex: 10    Spells: 9/9 levels left

rFire   + . .      SeeInvis .     - Unarmed
rCold   + + .      Faith    .   (no shield)
rNeg    + + +      Spirit   .   n - +0 ring mail
rPois   ∞          Reflect  +   b - +0 helmet
rElec   +          Harm     .   (no cloak)
rCorr   +          Rampage  .   (no gloves)
Will    .....                   (no boots)
Stlth   ++........              C - amulet of reflection
HPRegen 0.00/turn               (no ring)
MPRegen 0.11/turn               (no ring)

@: resistant, heroic, inhibited regen
A: claws 1, cold resistance 1, negative energy resistance 3, inhibited
regeneration, torment resistance 2, devour on kill
a: Renounce Religion, Heroism


You were on level 7 of the Dungeon.
You worshipped Okawaru.
Okawaru was pleased with you.
You visited 2 branches of the dungeon, and saw 9 of its levels.

You collected 407 gold pieces.
You spent 123 gold pieces at shops.

Inventory:

Hand Weapons
 a - the +6 whip "Kidedeir" {speed, rF+}
   (You found it on level 2 of the Dungeon)

   Attacks with this weapon are significantly faster.
   rF:        It protects you from fire.
Missiles
 k - 64 stones (quivered)
Armour
 b - a +0 helmet (worn)
 c - a +0 pair of gloves
 n - a +0 ring mail (worn)
Jewellery
 C - an amulet of reflection (around neck)
Wands
 m - a wand of iceblast (2)
 t - a wand of flame (19)
Scrolls
 f - a scroll of noise {unknown}
 j - 3 scrolls of magic mapping
 o - a scroll of blinking {unknown}
 p - 3 scrolls of teleportation
 r - a scroll of brand weapon {unknown}
 v - a scroll of silence {unknown}
 w - a scroll of summoning {unknown}
 y - a scroll of vulnerability {unknown}
 D - a scroll of amnesia {unknown}
 E - a scroll of enchant weapon {unknown}
 H - 2 scrolls of identify
Potions
 e - 5 potions of curing
 g - a potion of resistance
 q - a potion of degeneration {unknown}
 s - a potion of lignification {unknown}
 x - a potion of magic {unknown}
 z - 2 potions of brilliance
 A - a potion of haste {unknown}
 B - 3 potions of attraction {unknown}
 F - a potion of invisibility {unknown}
 G - a potion of berserk rage {unknown}


   Skills:
 + Level 7.4(12.4) Fighting
 * Level 8.7(13.7) Throwing
 + Level 6.5(11.5) Dodging
 + Level 7.9(12.9) Unarmed Combat


You had 9 spell levels left.
You didn't know any spells.
Your spell library contained the following spells:

 Spells                   Type           Power      Damage    Failure   Level
 Magic Dart               Conj           0%         1d3       67%         1
 Frozen Ramparts          Ice            0%         1d1       95%         3
 Mephitic Cloud           Conj/Pois/Air  0%         N/A       95%         3
 Ozocubu's Armour         Ice            0%         N/A       95%         3
 Metabolic Englaciation   Hex/Ice        0%         N/A       100%        5
 Call Imp                 Summ           Unusable   N/A       N/A         2
 Ice Form                 Ice/Tmut       Unusable   N/A       N/A         4
 Summon Ice Beast         Ice/Summ       Unusable   N/A       N/A         4
 Simulacrum               Ice/Necr       Unusable   N/A       N/A         6

Dungeon Overview and Level Annotations

Branches:
Dungeon (8/15)             Temple (1/1) D:6
   Lair: D:8-11

Altars:
Ashenzari
Cheibriados
Dithmenos
Fedhas
Gozag
Kikubaaqudgha
Makhleb
Nemelex Xobeh
Okawaru
Qazlal
Ru
Sif Muna
Uskayaw
Vehumet
Xom

Shops:
D:2 =?*   D:7 [

Annotations:
D:5 Blork the orc
D:7 Erica


Innate Abilities, Weirdness & Mutations

You are immune to poison.
You have sharp fingernails.
Your flesh is cold resistant. (rC+)
You are immune to negative energy. (rN+++)
You do not regenerate when monsters are visible.
You are immune to unholy pain and torment.
You thrive by killing the living.


Message History

The centaur warrior kicks you but does no damage.
The centaur warrior wields a +0 shortbow.
The centaur warrior shoots an arrow.
You reflect the arrow off an invisible shield around you!
The arrow hits the centaur warrior!!
Items here: )) ÷ †.
There is a stone staircase leading up here.
Erica hits you but does no damage.
The centaur warrior unwields a +0 shortbow.
The centaur warrior closely misses you. The centaur warrior kicks you.
You climb upwards.
There is a stone staircase leading down here.
Okay, then.
You gain the combat prowess of a mighty hero.
The centaur warrior misses you. The centaur warrior closely misses you.
You block Erica's attack.
You feel protected. The centaur warrior barely misses you.
The centaur warrior kicks you.
Erica hits you with a +4 scimitar of flaming!
Erica burns you.
* * * LOW HITPOINT WARNING * * *
You block the centaur warrior's attack.
The centaur warrior completely misses you.
You feel better. The centaur warrior barely misses you.
The centaur warrior kicks you.
Erica hits you with a +4 scimitar of flaming!
* * * LOW HITPOINT WARNING * * *
Erica burns you.
* * * LOW HITPOINT WARNING * * *
Unknown command.
Okay, then.
The centaur warrior attacks as you move away!
The centaur warrior closely misses you. The centaur warrior kicks you.
* * * LOW HITPOINT WARNING * * *
The centaur warrior wields a +0 shortbow.
The centaur warrior shoots an arrow.
The arrow hits you!
* * * LOW HITPOINT WARNING * * *
You block Erica's attack.
The centaur warrior shoots an arrow.
The arrow hits you!
You die...

.......# ##'## #####.# .#.##..#
##...## #.# .#.##..# ##.....##
### #.# .#.##..# ##.......##
##.###.# #
.#.....####.........####....<.###
...)......+......8..+............
.##)...####....c.....###...######
.##)#..# ##...>.....# ##.## #
...)...# ##..@@....## #.# #
###.#### #8...∩...8# #.# # #.#
###.......# #.# # #.#######
#....<..# #.# #.......# #.#.....#
#.# #######.# ##.#8....###.# #.#
##............# #.#
#.....######### #.# ##....#


You could see Erica and a centaur warrior.

Vanquished Creatures
  Pikel (D:5)
  Joseph (D:8)
  Maurice (D:8)
  Maggie (D:8)
  Prince Ribbit (D:7)
  A wyvern (D:8)
  Menkaure (D:7)
  A steam dragon (D:7)
  An orc warrior (D:6)
  2 ice beasts (D:7)
  A black bear (D:7)
  3 ogres
  A centaur (D:8)
  3 kobold brigands
  A bullfrog (D:8)
  2 necrophages
  A gnoll sergeant (D:7)
  5 killer bees (D:7)
  3 jellies
  A gnoll bouda (D:5)
  3 hounds
  3 iguanas
  Natasha (twice) (D:3)
  4 orc wizards
  11 gnolls
  6 adders
  A shadow imp (D:6)
  A white imp (D:7)
  4 ufetubi
  4 worms
  A dart slug (D:3)
  17 orcs
  A bat zombie (D:4)
  10 endoplasms
  4 giant cockroaches
  6 goblins
  8 hobgoblins
  3 jackals (D:3)
  19 kobolds
  2 quokkas
  8 ball pythons
  5 bats
  4 frilled lizards
  6 rats
  A rat zombie (D:4)
166 creatures vanquished.

Vanquished Creatures (others)
  A giant cockroach (D:3)
  4 plants (D:8)
5 creatures vanquished.

Grand Total: 171 creatures vanquished

Notes
Turn   | Place    | Note
-------+----------+-------------------------------------------
     0 | D:1      | Gabide the Ghoul Gladiator began the quest for the Orb.
     0 | D:1      | Reached XP level 1. HP: 17/17 MP: 0/0
   221 | D:1      | Reached skill level 2 in Throwing
   331 | D:1      | Reached XP level 2. HP: 25/25 MP: 1/1
   784 | D:1      | Reached XP level 3. HP: 30/30 MP: 2/2
  1060 | D:2      | Found Bowneh's Jewellery Shoppe.
  1318 | D:2      | Identified the +6 whip "Kidedeir" {speed, rF+}
  1467 | D:2      | Found Rebba's Magic Scroll Emporium.
  1546 | D:2      | Bought a scroll of teleportation for 36 gold pieces
  1546 | D:2      | Bought a scroll of identify for 24 gold pieces
  1640 | D:2      | Found Iquotote's General Store.
  1648 | D:2      | Bought 7 stones for 9 gold pieces
  1696 | D:3      | Reached XP level 4. HP: 37/37 MP: 3/3
  1961 | D:3      | Reached skill level 3 in Throwing
  1962 | D:3      | Found a faded altar of an unknown god.
  1964 | D:3      | Noticed Natasha
  1968 | D:3      | Killed Natasha
  2089 | D:3      | Reached XP level 5. HP: 44/45 MP: 4/4
  2398 | D:3      | Noticed Natasha
  2405 | D:3      | Killed Natasha
  2718 | D:3      | Reached XP level 6. HP: 51/51 MP: 5/5
  3274 | D:4      | Found a shimmering blue altar of Sif Muna.
  3625 | D:4      | Reached skill level 4 in Throwing
  3965 | D:4      | Found an ancient bone altar of Kikubaaqudgha.
  4036 | D:5      | Entered Level 5 of the Dungeon
  4037 | D:5      | Noticed Pikel
  4057 | D:5      | Killed Pikel
  4058 | D:5      | Reached skill level 5 in Throwing
  4058 | D:5      | Reached skill level 5 in Unarmed Combat
  4058 | D:5      | Reached XP level 7. HP: 59/60 MP: 6/6
  4058 | D:5      | Reached XP level 8. HP: 66/67 MP: 7/7
  4567 | D:5      | Reached skill level 5 in Fighting
  5244 | D:5      | Found a sparkling altar of Nemelex Xobeh.
  5309 | D:5      | Noticed Blork the orc
  5427 | D:6      | Reached skill level 6 in Throwing
  5489 | D:6      | Found a staircase to the Ecumenical Temple.
  5541 | D:6      | Reached skill level 5 in Dodging
  5810 | Temple   | Entered the Ecumenical Temple
  5874 | Temple   | Became a worshipper of Warmaster Okawaru
  6749 | D:7      | Found Oxkui's Armour Boutique.
  6761 | D:7      | Bought a +0 pair of gloves for 54 gold pieces
  6832 | D:7      | Reached XP level 9. HP: 67/75 MP: 8/8
  7069 | D:7      | Noticed Menkaure
  7074 | D:7      | Killed Menkaure
  7074 | D:7      | Reached * piety under Okawaru
  7343 | D:7      | Noticed Prince Ribbit
  7353 | D:7      | Reached skill level 7 in Throwing
  7371 | D:7      | Killed Prince Ribbit
  8696 | D:8      | Noticed Joseph
  8703 | D:8      | Reached ** piety under Okawaru
  8704 | D:8      | Killed Joseph
  8705 | D:8      | Reached skill level 8 in Throwing
  8705 | D:8      | Reached XP level 10. HP: 35/86 MP: 9/9
  8741 | D:8      | Noticed Maurice
  8745 | D:8      | Noticed Maggie
  8953 | D:8      | Killed Maurice
  8953 | D:8      | Killed Maggie
  9069 | D:8      | Noticed Erica
  9071 | D:8      | Noticed a centaur warrior
  9080 | D:7      | Shot with an arrow by a centaur warrior

Illustrated notes

Levels and vault maps discovered:
D:1:      mrwooster_arrival_statue_3, layout_basic
D:2:      layout_rooms, serial_shops, nicolae_shop_advertising_works
          [nicolae_subvault_shop_adworks], shop, nicolae_shop_waterfront
D:3:      layout_loops_corners, hellmonk_ecumenical_altar_crossroads,
          small_statue_intersection, lemuel_flame_loot_1, uniq_natasha
D:4:      layout_loops_ring, lemuel_zombie_altar_kikubaaqudgha,
          nicolae_sif_muna_condensation, serial_glass, glass_columns_c,
          glass_columns_b
D:5:      layout_loops_ring, nicolae_overflow_hidden_temple, uniq_pikel,
          uniq_blork_the_orc
D:6:      layout_loops_cross, minmay_temple_entry_arrows
D:7:      layout_loops_corners, serial_shops, nicolae_stop_n_shop_1,
          chequers_hall_statues_corner_a, uniq_menkaure, uniq_prince_ribbit1
D:8:      layout_loops_cross, nicolae_hepliaklqana_monster_ancestors,
          minmay_shattered_shrine, uniq_psyche, uniq_joseph, uniq_maurice,
          uniq_erica, uniq_maggie
Temple:   dshaligram_water_room_temple

Skill      XL: |  1  2  3  4  5  6  7  8  9 |
---------------+----------------------------+-----
Throwing       | 2 3 5 6 8 |  8.7
Dodging        | 3 4 5 6 |  6.5
Fighting       | 3 4 5 7 |  7.4
Unarmed Combat | 4 5 6 7 |  7.9

Action                   |  1- 3 |  4- 6 |  7- 9 | 10-12 || total
-------------------------+-------+-------+-------+-------++-------
Melee: Unarmed           |   118 |     7 |   243 |    15 ||   383
       Whip              |    23 |   154 |       |       ||   177
       Punch             |     1 |     2 |    12 |       ||    15
Throw: Stone             |     2 |     2 |     7 |    12 ||    23
       Throwing net      |       |     2 |     3 |       ||     5
       Dart              |       |     1 |    17 |       ||    18
       Javelin           |       |       |     6 |       ||     6
Invok: Heroism           |       |       |     2 |     1 ||     3
Evoke: Wand              |       |       |     5 |     3 ||     8
  Use: Scroll            |     1 |     2 |     6 |     3 ||    12
       Potion            |       |       |     4 |     2 ||     6
 Stab: Held in net/web   |       |       |     2 |       ||     2
Armor: Leather armour    |    36 |       |       |       ||    36
       Ring mail         |     6 |    31 |    79 |     3 ||   119
Dodge: Dodged            |    84 |    69 |   135 |    20 ||   308
Block: Other             |       |       |    34 |     9 ||    43
       Reflection        |       |       |       |     1 ||     1
